AoeStats
← agusvr3051n

Four Lakes

510204472Analyzed
1v1 RM · 2d ago on Sep 29, 2026· 40m 46s· 2 players
Game mode
Random Map
Map size
Tiny (2 player)
Population
200
Speed
Normal
Resources
Standard
Victory
Conquest
Starting age
Dark Age
Ending age
Imperial Age
RankedLock teamsTeams togetherTeam positionsShared explorationLock speedFull tech treeHidden civsTurbo modeCheats
Victory
Defeat
🇦🇷 Vietnamese · Argentina
865
+16
🇺🇸 Danes · United States
864
-16
Lord_Devil
13:06 Feudal Age
18:10 Castle Age
16:47 Wheelbarrow
16:00 Double-Bit Axe
16:33 Stone Mining
17:13 Gold Mining
17:50 Horse Collar
18:56 Fishing Lines
19:43 Forging
19:34 Scale Mail Armor
21:12 Iron Casting
21:08 Squires
21:46 Heavy Plow
26:14 Scale Barding Armor
29:12 Gold Shaft Mining
29:13 Arson
30:37 Bow Saw
35:49 Imperial Age
34:07 Hand Cart
36:18 Bloodlines
37:54 Blast Furnace
37:49 Fletching
38:00 Padded Archer Armor
37:50 Elite Skirmisher
39:53 Chemistry
agusvr3051n
7:27 Loom
11:38 Feudal Age
12:39 Double-Bit Axe
14:56 Horse Collar
15:01 Fishing Lines
16:57 Wheelbarrow
16:58 Scale Barding Armor
17:05 Forging
17:13 Gold Mining
17:13 Stone Mining
19:04 Bloodlines
22:18 Castle Age
22:14 Fletching
22:24 Padded Archer Armor
23:36 Bow Saw
25:58 Gillnets
27:17 Leather Archer Armor
26:57 Bodkin Arrow
28:13 Stone Shaft Mining
28:21 Heavy Plow
29:43 Hand Cart
32:37 Imperial Age
29:55 Town Watch
31:30 Heated Shot
32:03 Ballistics
34:21 Paper Money
35:00 Ring Archer Armor
35:33 Chemistry
37:42 Bracer
39:14 Two-Man Saw
38:05 Elite Rattan Archer
Connection lost

Rejoining the realm…

Still unreachable

The connection could not be restored.

Session expired

The server has moved on; the page needs a fresh start.